 Dungeon Crawl Stone Soup version 0.29-a0-925-g0a7a3d12f8 (webtiles) character file.

Game seed: 9683560342915280472

42 greasedhog the Trooper (level 3, -1/23 HPs)
             Began as a Gargoyle Abyssal Knight on July 30, 2022.
             Was a Priest of Lugonu.
             Slain by Sigmund
             ... wielding a +0 scythe
              (4 damage)
             ... on level 2 of the Dungeon.
             The game lasted 00:02:06 (1676 turns).

greasedhog the Trooper (Gargoyle Abyssal Knight)    Turns: 1676, Time: 00:02:06

Health: -1/23      AC:  6    Str: 18    XL:     3   Next: 54%
Magic:  4/4        EV: 11    Int: 10    God:    Lugonu [***...]
Gold:   114        SH:  0    Dex:  8    Spells: 2/2 levels left

rFire   . . .      SeeInvis .   f - +1 dagger (drain)
rCold   . . .      Faith    .   (no shield)
rNeg    + . .      Spirit   .   b - +0 leather armour
rPois   ∞          Reflect  .   (no helmet)
rElec   +          Harm     .   (no cloak)
rCorr   .          Rampage  .   (no gloves)
Will    .....      Clarity  +   (no boots)
Stlth   +.........              (no amulet)
HPRegen 0.07/turn               (no ring)
MPRegen 0.09/turn               (no ring)

@: flying, invisible
A: sickness immunity, AC +3, negative energy resistance 1, electricity
resistance, torment resistance 1, petrification resistance, big wings, clarity,
clumsy 1, low MP 1
a: Renounce Religion, Depart the Abyss, Bend Space, Banish


You were on level 2 of the Dungeon.
You worshipped Lugonu.
Lugonu was most pleased with you.
You visited 1 branch of the dungeon, and saw 2 of its levels.
You visited the Abyss 1 time.

You collected 114 gold pieces.

Inventory:

Hand Weapons
 a - a +1 mace
 f - a +1 dagger of draining (weapon)
Armour
 b - a +0 leather armour (worn)
 j - a scarf of harm
Scrolls
 d - a scroll of enchant weapon {unknown}
 h - a scroll of identify {unknown}
Potions
 c - a potion of heal wounds


   Skills:
 - Level 3.2 Fighting
 * Level 2.6 Maces & Flails
 * Level 3.0 Armour
 - Level 0.7 Dodging
 * Level 2.8 Invocations


You had 2 spell levels left.
You didn't know any spells.
Your spell library contained the following spells:

 Spells                   Type           Power      Damage    Failure   Level
 Sting                    Tmut/Pois      0%         1d3       41%         1
 Poisonous Vapours        Pois/Air       0%         N/A       56%         2
 Conjure Flame            Conj/Fire      0%         6-21      80%         3
 Ignite Poison            Fire/Tmut/Pois 0%         N/A       80%         3
 Corpse Rot               Necr/Pois/Air  0%         N/A       99%         4
 Dispel Undead            Necr           0%         3d6       99%         4
 Olgreb's Toxic Radiance  Pois           0%         N/A       99%         4
 Sticky Flame             Conj/Fire      0%         2d3       99%         4
 Death Channel            Necr           0%         N/A       100%        6


Dungeon Overview and Level Annotations

Branches:
Dungeon (2/15)

Altars:

Shops:
D:2 :

Annotations:
D:2 Sigmund


Innate Abilities, Weirdness & Mutations

You are immune to sickness and miasma.
Your stone body is resilient. (AC +3)
You are immune to poison.
You resist negative energy. (rN+)
You are resistant to electric shocks. (rElec)
You are resistant to unholy torment.
You are immune to petrification.
Your large and strong wings let you fly.
You possess an exceptional clarity of mind.
You are clumsy. (Dex -2)
Your magical capacity is low. (-10% MP)


Message History

Okay, then.
You climb downwards.
Level annotation: Sigmund Sigmund hits you from afar with a +0 scythe!
There is a stone staircase leading up here.
Sigmund closely misses you.
You climb upwards.
There is a stone staircase leading down here.
You start resting.
HP restored.
It was a potion of heal wounds.
You feel much better.
It was a potion of lignification.
You turn into a tree.
Your +0 leather armour melds into your body.
Your roots penetrate the ground.
You start waiting.
Your transformation is almost over.
HP restored.
You feel less wooden.
Your +0 leather armour unmelds from your body.
It was a potion of mutation.
You feel extremely strange.
Your wings grow larger and stronger.
You feel clumsy.
You feel less energetic.
Your thoughts seem clearer.
It was a potion of invisibility.
You fade into invisibility!
You fly downwards.
Level annotation: Sigmund Sigmund hits you from afar with a +0 scythe!
There is a stone staircase leading up here.
You barely miss Sigmund. Sigmund barely misses you.
You hit Sigmund.
Sigmund is lightly wounded.
Sigmund gestures wildly while chanting.
Sigmund flickers and vanishes!
Deactivating autopickup; reactivate with Ctrl-A.
You barely miss something. Something hits you.
You hit something but do no damage. You completely miss something.
Something hits you!
* * * LOW HITPOINT WARNING * * *
You closely miss something. Something hits you.
You die...

#.# #.# #.# #.# #.#
#.# ########.#
#.{..$...###
#.#####@#####....#
.......<# #.##.#
..#####.# #.##.##
#÷# #.#...## #.#
#...#..#
#.#######..).#
##.#........#.#
####....########.##
........).......#..#


There were no monsters in sight!

Vanquished Creatures
  2 dart slugs (D:1)
  2 ball pythons (D:1)
  3 endoplasms (D:1)
  5 goblins
  5 hobgoblins
  4 jackals
  3 kobolds
  2 quokkas (D:1)
  A bat (D:1)
  2 frilled lizards (D:1)
  3 rats (D:1)
32 creatures vanquished.

Notes
Turn   | Place    | Note
-------+----------+-------------------------------------------
     0 | Abyss:1  | greasedhog the Gargoyle Abyssal Knight began the quest for
                  | the Orb.
     0 | Abyss:1  | Reached XP level 1. HP: 14/14 MP: 2/2
     7 | D:1      | Escaped the Abyss
   162 | D:1      | Reached XP level 2. HP: 15/19 MP: 3/3
   818 | D:1      | Reached XP level 3. HP: 23/23 MP: 4/4
   936 | D:1      | Reached *** piety under Lugonu
   998 | D:1      | You fall into a shaft and drop 1 floor!
  1166 | D:2      | Found Wopyboel's Vocational Training.
  1204 | D:2      | Noticed Sigmund
  1666 | D:1      | Gained mutation: Your large and strong wings let you fly.
                  | [potion of mutation]
  1666 | D:1      | Gained mutation: You are clumsy. (Dex -2) [potion of
                  | mutation]
  1666 | D:1      | Gained mutation: Your magical capacity is low. (-10% MP)
                  | [potion of mutation]
  1666 | D:1      | Gained mutation: You possess an exceptional clarity of
                  | mind. [potion of mutation]
  1676 | D:2      | Slain by Sigmund

Illustrated notes

Levels and vault maps discovered:
D:1:      psy_arrival_whirlpool, layout_basic, minmay_tripent
D:2:      layout_loops_ring, nicolae_shop_vocational, uniq_sigmund,
          uniq_crazy_yiuf_cottage

Skill      XL: |  1  2  3 |
---------------+----------+-----
Armour         | 3 |  3.0
Fighting       | |  3.2
Maces & Flails | |  2.6
Dodging        | |  0.7
Invocations    | |  2.8

Action                   || total
-------------------------++-------
Melee: Mace              ||    35
       Dagger            ||    44
       Punch             ||     1
  Use: Potion            ||     4
 Stab: Sleeping          ||     1
Armor: Leather armour    ||    31
Dodge: Dodged            ||    47

Table legend: (Time is in decaauts)
 A = Elapsed time spent in this place.
 B = Non-inter-level travel time spent in this place.
 C = Inter-level travel time spent in this place.
 D = Time resting spent in this place.
 E = Time spent auto-exploring this place.
 F = Levels seen in this place.
 G = Mean time per level.
                   A        B        C        D        E       F      G
               +--------+--------+--------+--------+--------+-----+--------+
         Total |   1689 |   1653 |     36 |    421 |   1013 |   3 |  563.0 |
       Dungeon |   1682 |   1646 |     36 |    421 |   1013 |   2 |  841.0 |
         Abyss |      7 |      7 |      0 |      0 |      0 |   1 |    7.0 |
               +--------+--------+--------+--------+--------+-----+--------+

Top non-repeatable levels by time:
     D:1: 1587 daAuts
     D:2: 94 daAuts
 Abyss:1: 7 daAuts
